 Dungeon Crawl Stone Soup version 0.29.1-12-g30fa7ad0bf (webtiles) character file.

Game seed: 6176813941225961472

848 KittyFluff the Trooper (level 8, 0/76 HPs)
             Began as a Gargoyle Berserker on Jan 15, 2023.
             Was a Priest of Trog.
             Slain by a wight
             ... wielding a +1 halberd
              (6 damage)
             ... on level 4 of the Dungeon.
             The game lasted 00:15:12 (4024 turns).

KittyFluff the Trooper (Gargoyle Berserker)         Turns: 4024, Time: 00:15:12

Health: 0/76       AC: 24    Str: 21    XL:     8   Next: 1%
Magic:  8/8        EV:  2    Int:  8    God:    Trog [***...]
Gold:   212        SH:  0    Dex: 11    Spells: 7/7 levels left

rFire   . . .      SeeInvis .   a - +0 mace
rCold   . . .      Faith    .   (no shield)
rNeg    + . .      Spirit   .   (body armour currently unavailable)
rPois   ∞          Reflect  .   (helmet currently unavailable)
rElec   .          Harm     .   (cloak currently unavailable)
rCorr   .          Rampage  .   (gloves currently unavailable)
Will    .....      NoTele   +   (boots currently unavailable)
Stlth   +.........              (no amulet)
HPRegen 0.22/turn               (no ring)
MPRegen 0.11/turn               (no ring)

@: tree-form, studying Unarmed Combat
A: stationary, stasis, torment immunity, boosted hp, sickness immunity, AC +5,
negative energy resistance 1, (electricity resistance), torment resistance 1,
petrification resistance
a: Renounce Religion, Berserk, Trog's Hand


You were on level 4 of the Dungeon.
You worshipped Trog.
Trog was most pleased with you.
You were a tree.
You visited 1 branch of the dungeon, and saw 4 of its levels.

You collected 212 gold pieces.

Inventory:

Hand Weapons
 a - a +0 mace (weapon)
Missiles
 c - 40 stones (quivered)
 l - a throwing net
 r - 5 boomerangs
Armour
 d - a +0 ring mail
 g - a +0 pair of gloves (melded)
 y - a +0 scale mail of willpower
 B - a +0 cloak (melded)
 C - the +1 leather armour of Ezetuinace (melded) {rElec Will+ MP+9 Stlth+}
   (You found it on level 3 of the Dungeon)

   rElec:     It insulates you from electricity.
   MP:        It affects your magic capacity (+9).
   Will:      It increases your willpower.
   Stlth:     It makes you more stealthy.
Wands
 v - a wand of polymorph (7)
 w - a wand of digging (7)
Scrolls
 f - 4 scrolls of butterflies {unknown}
 h - a scroll of brand weapon {unknown}
 i - a scroll of fear {unknown}
 k - a scroll of vulnerability {unknown}
 m - a scroll of teleportation {unknown}
 o - a scroll of amnesia {unknown}
 q - 2 scrolls of immolation {unknown}
 u - a scroll of summoning {unknown}
Potions
 b - a potion of haste {unknown}
 e - 2 potions of lignification
 j - a potion of attraction
 n - 3 potions of invisibility
 p - 3 potions of flight
 s - a potion of cancellation
 t - a potion of resistance
 x - a potion of mutation {unknown}
 z - 2 potions of brilliance {unknown}
 A - 3 potions of curing {unknown}
 D - a potion of degeneration {unknown}


   Skills:
 + Level 5.7 Fighting
 + Level 5.2 Maces & Flails
 + Level 5.2 Armour
 + Level 3.9 Dodging


You had 7 spell levels left.
You didn't know any spells.
Your spell library was empty.

Dungeon Overview and Level Annotations

Branches:
Dungeon (4/15)
 Temple: D:4-7

Altars:
Ashenzari
Ru
Trog

Shops:
D:1 =


Innate Abilities, Weirdness & Mutations

You are a tree.
Your roots penetrate the ground, keeping you stationary.
You cannot be teleported.
You are immune to unholy pain and torment.
Your maximum health is greatly increased.
Your equipment is partially melded.
You are immune to sickness and miasma.
((Your stone body is resilient. (AC +5)))
You are immune to poison.
You resist negative energy. (rN+)
((You are resistant to electric shocks. (rElec)))
You are resistant to unholy torment.
You are immune to petrification.


Message History

Trog accepts your kill.
Things that are here:
a +1 trident; a +0 robe You start resting.
HP restored.
A wight comes into view. It is wielding a +1 halberd.
A wight comes into view.
It is wielding a +4 great sword of freezing.
The wight closely misses you.
You barely miss the wight.
The wight hits you with a +4 great sword of freezing.
The wight freezes you.
The wight hits you with a +4 great sword of freezing!
The wight freezes you.
You barely miss the wight. The wight completely misses you.
You thump the wight!
The wight is severely damaged.
The wight misses you.
You hit the wight.
The wight is almost destroyed.
The wight closely misses you.
You hit the wight but do no damage.
The wight is almost destroyed.
The wight hits you with a +4 great sword of freezing!
* * * LOW HITPOINT WARNING * * *
The wight freezes you.
* * * LOW HITPOINT WARNING * * *
Really quaff the potion of lignification?
You turn into a tree.
Your +0 cloak melds into your body.
Your +0 pair of gloves melds into your body.
The +1 leather armour of Ezetuinace {rElec Will+ MP+9 Stlth+} melds into your body.
You feel your magic capacity decrease.
Your roots penetrate the ground.
The wight hits you but does no damage.
You sock the wight!
You destroy the wight!
Trog accepts your kill.
You have reached level 8!
You feel clever. The wight hits you but does no damage.
The wight hits you from afar with a +1 halberd.
You die...

#.#.#
#.###
... .
#>#
.##.#.
#)# .
.... #.#
....#...
#.#
.#.##..
###.####
....
#.z....#
##.#
#.#)##.#
# #.#♣#
# # #.#
#.# #.#
... ..#
### ##


You could see a wight.

Vanquished Creatures
  A water moccasin (D:4)
  A sky beast (D:4)
  An ogre (D:4)
  A necrophage (D:4)
  2 wights (D:4)
  2 hounds (D:4)
  A jelly (D:4)
  Crazy Yiuf (D:3)
  Jessica (D:3)
  2 iguanas (D:4)
  Natasha (D:2)
  An orc wizard (D:4)
  4 gnolls (D:3)
  5 adders
  3 worms
  2 dart slugs
  An orc (D:3)
  5 ball pythons
  3 bats
  3 endoplasms
  3 giant cockroaches (D:1)
  7 goblins
  5 hobgoblins
  8 jackals
  7 kobolds
  4 quokkas
  3 frilled lizards
  7 rats
85 creatures vanquished.

Notes
Turn   | Place    | Note
-------+----------+-------------------------------------------
     0 | D:1      | KittyFluff the Gargoyle Berserker began the quest for the
                  | Orb.
     0 | D:1      | Reached XP level 1. HP: 14/14 MP: 1/1
   245 | D:1      | Reached XP level 2. HP: 16/19 MP: 2/2
   472 | D:1      | Reached ** piety under Trog
   473 | D:1      | Reached XP level 3. HP: 18/23 MP: 3/3
   549 | D:1      | Found Neireoppe's Jewellery Shoppe.
   990 | D:2      | Found a faded altar of an unknown god.
  1079 | D:2      | Noticed Natasha
  1087 | D:2      | Killed Natasha
  1088 | D:2      | Reached XP level 4. HP: 20/29 MP: 4/4
  1669 | D:3      | Reached XP level 5. HP: 20/33 MP: 5/5
  1852 | D:3      | Found a bloodstained altar of Trog.
  1889 | D:3      | Found a broken altar of Ashenzari.
  1892 | D:3      | Noticed Jessica
  1902 | D:3      | Killed Jessica
  2418 | D:3      | Found a runed translucent door.
  2419 | D:3      | Noticed Crazy Yiuf
  2426 | D:3      | Killed Crazy Yiuf
  2652 | D:3      | Identified the +1 leather armour of Ezetuinace {rElec Will+
                  | MP+9 Stlth+}
  2916 | D:4      | Reached XP level 6. HP: 39/39 MP: 6/6
  3008 | D:4      | Noticed a water moccasin
  3029 | D:4      | Killed a water moccasin
  3190 | D:4      | Reached skill level 5 in Fighting
  3190 | D:4      | Reached XP level 7. HP: 40/44 MP: 7/7
  3197 | D:4      | Found a sacrificial altar of Ru.
  3289 | D:4      | Reached *** piety under Trog
  3590 | D:4      | Reached skill level 5 in Maces & Flails
  3590 | D:4      | Reached skill level 5 in Armour
  4018 | D:4      | HP: 2/44 [wight/+4 great sword of freezing (6)]
  4021 | D:4      | Reached XP level 8. HP: 5/51 MP: 8/8
  4024 | D:4      | Slain by a wight

Illustrated notes

Levels and vault maps discovered:
D:1:      minmay_arrival_radiant_lines, layout_loops_cross, serial_shops,
          shop_fountains, grunt_decor_fettered
D:2:      minmay_evil_eye, layout_basic, ebering_ecumenical_altar_sacrificial,
          uniq_natasha
D:3:      minmay_door_path, layout_basic, ashenzari_altar_1,
          mainiacjoe_overflow_small_starburst, serial_curves, eino_curves_02,
          eino_curves_04, uniq_jessica, uniq_crazy_yiuf_cottage
D:4:      layout_loops_cross, nicolae_ru_awakened_eye, minmay_manual_mullet

Skill      XL: |  1  2  3  4  5  6  7 |
---------------+----------------------+-----
Dodging        | 2 3 |  3.9
Armour         | 3 4 5 |  5.2
Fighting       | 4 5 |  5.7
Maces & Flails | 4 5 |  5.2

Action                   |  1- 3 |  4- 6 |  7- 9 || total
-------------------------+-------+-------+-------++-------
Melee: Mace              |   119 |   152 |    70 ||   341
       Punch             |     1 |     2 |       ||     3
Invok: Berserk           |     1 |     3 |       ||     4
  Use: Scroll            |       |     5 |     1 ||     6
       Potion            |       |       |     1 ||     1
 Stab: Sleeping          |     1 |     2 |       ||     3
Armor: Animal skin       |    45 |    24 |       ||    69
       Leather armour    |       |    37 |    22 ||    59
       Skin              |       |       |     2 ||     2
Dodge: Dodged            |    76 |    87 |    36 ||   199
